 Dungeon Crawl Stone Soup version 0.29-a0-559-g359e09b9d1 (webtiles) character file.

Game seed: 15119450639445172693

62 DocClef the Covert (level 4, -1/41 HPs)
             Began as a Gnoll Delver on June 10, 2022.
             Slain by a river rat (9 damage)
             ... in a sewer.
             The game lasted 00:01:04 (333 turns).

DocClef the Covert (Gnoll Delver)                    Turns: 333, Time: 00:01:05

Health: -1/41      AC:  3    Str: 11    XL:     4   Next: 8%
Magic:  5/5        EV: 13    Int:  9    God:
Gold:   52         SH:  0    Dex: 16    Spells: 5/5 levels left

rFire   . . .      SeeInvis .   a - +0 short sword
rCold   . . .      Faith    .   (no shield)
rNeg    . . .      Spirit   .   b - +0 leather armour
rPois   .          Reflect  .   (no helmet)
rElec   .          Harm     .   (no cloak)
rCorr   .          Rampage  .   (no gloves)
Will    .....                   (no boots)
Stlth   ++++......              (no amulet)
HPRegen 0.13/turn               (no ring)
MPRegen 0.09/turn               (no ring)

@: no status effects
A: fangs 1, strong nose, distributed training
a: no special abilities


You were in a sewer.
You visited 1 branch of the dungeon, and saw 2 of its levels.
You also visited: Sewer.

You collected 52 gold pieces.

Inventory:

Hand Weapons
 a - a +0 short sword (weapon)
Armour
 b - a +0 leather armour (worn)
Wands
 g - a wand of digging (3)
Scrolls
 c - a scroll of fog
 e - a scroll of fear
Potions
 d - a potion of degeneration {unknown}
 f - a potion of haste
 h - a potion of might {unknown}


   Skills:
 + Level 6.5 Fighting
 + Level 4.6 Short Blades
 + Level 1.0 Long Blades
 + Level 1.0 Axes
 + Level 1.0 Maces & Flails
 + Level 1.0 Polearms
 + Level 1.0 Staves
 + Level 1.0 Slings
 + Level 1.0 Bows
 + Level 1.0 Crossbows
 + Level 1.0 Throwing
 + Level 1.0 Armour
 + Level 4.6 Dodging
 + Level 9.6 Stealth
 + Level 1.0 Shields
 + Level 1.0 Unarmed Combat
 + Level 1.0 Spellcasting
 + Level 0.7 Conjurations
 + Level 0.7 Hexes
 + Level 0.7 Summonings
 + Level 0.7 Necromancy
 + Level 0.7 Translocations
 + Level 0.7 Transmutations
 + Level 0.7 Fire Magic
 + Level 0.7 Ice Magic
 + Level 0.7 Air Magic
 + Level 0.7 Earth Magic
 + Level 0.7 Poison Magic
 + Level 1.1 Invocations
 + Level 1.0 Evocations


You had 5 spell levels left.
You didn't know any spells.
Your spell library was empty.

Dungeon Overview and Level Annotations

Branches:
Dungeon (5/15)              Sewer (1/1)
 Temple: D:4-7

Altars:


Innate Abilities, Weirdness & Mutations

You have very sharp teeth.
Your uncanny sense of smell can sniff out nearby items.
Your experience applies equally to all skills.


Message History

The giant cockroach misses you.
You hit the giant cockroach but do no damage.
The giant cockroach is heavily wounded.
The giant cockroach bites you but does no damage.
You hit the giant cockroach.
You kill the giant cockroach!
You enter the shallow water.
Moving in this stuff is going to be slow.
The giant cockroach completely misses you.
The giant cockroach barely misses you.
You hit the giant cockroach but do no damage.
You hear the slow rusting of a drain.
The giant cockroach closely misses you.
You hit the giant cockroach but do no damage.
The giant cockroach misses you.
You puncture the giant cockroach!
You kill the giant cockroach!
There is a glowing drain here.
You see here a giant cockroach corpse.
There is a glowing drain here.
You see here a giant cockroach corpse.
The world spins around you as you enter the gateway.
You enter a sewer!
Found a gate leading back out of this place.
There is an empty arch of ancient stone here.
A river rat comes into view.
The helpless jackal fails to defend itself.
You impale the jackal!!
You kill the jackal!
You closely miss the river rat. The river rat bites you!
* * * LOW HITPOINT WARNING * * *
You closely miss the river rat. The river rat misses you.
You closely miss the river rat.
You bite the river rat, but do no damage.
The river rat bites you.
* * * LOW HITPOINT WARNING * * *
You hit the river rat.
The river rat is lightly wounded.
The river rat bites you!
You die...

##### ∆
#∩..## ∆
##....##
∆
#∩.....#
#......#
##....@#
#...r##
##..##
#..#
#...
#..# ..≈
#.


You could see a river rat.

Vanquished Creatures
  A hound (D:5)
  An adder (D:5)
  A gnoll (D:4)
  A dart slug (D:5)
  6 giant cockroaches (D:4)
  A jackal (Sewer)
11 creatures vanquished.

Notes
Turn   | Place    | Note
-------+----------+-------------------------------------------
     0 | D:5      | Reached skill level 9 in Stealth
     0 | D:5      | DocClef the Gnoll Delver began the quest for the Orb.
     0 | D:5      | Reached XP level 1. HP: 23/23 MP: 1/1
   101 | D:5      | Reached XP level 2. HP: 29/29 MP: 2/2
   166 | D:5      | Reached skill level 1 in Invocations
   166 | D:5      | Reached XP level 3. HP: 21/35 MP: 2/4
   182 | D:5      | Noticed a troll
   199 | D:5      | Noticed a necrophage
   228 | D:4      | Reached skill level 1 in Long Blades
   228 | D:4      | Reached skill level 1 in Axes
   228 | D:4      | Reached skill level 1 in Maces & Flails
   228 | D:4      | Reached skill level 1 in Polearms
   228 | D:4      | Reached skill level 1 in Staves
   228 | D:4      | Reached skill level 1 in Slings
   228 | D:4      | Reached skill level 1 in Bows
   228 | D:4      | Reached skill level 1 in Crossbows
   228 | D:4      | Reached skill level 1 in Throwing
   228 | D:4      | Reached skill level 1 in Armour
   228 | D:4      | Reached skill level 1 in Shields
   228 | D:4      | Reached skill level 1 in Unarmed Combat
   228 | D:4      | Reached skill level 1 in Spellcasting
   228 | D:4      | Reached skill level 1 in Evocations
   287 | D:4      | Found a glowing drain.
   305 | D:4      | Reached XP level 4. HP: 14/41 MP: 5/5
   323 | Sewer    | Entered a sewer
   333 | Sewer    | Slain by a river rat

Illustrated notes

Levels and vault maps discovered:
D:4:      layout_loops_ring, gup_sewer_entry_pipe
D:5:      layout_basic
Sewer:    sewer_fruit_machine

Skill      XL: |  1  2  3 |
---------------+----------+-----
Stealth        | |  9.6
Invocations    | 1 |  1.1
Long Blades    | 1 |  1.0
Axes           | 1 |  1.0
Maces & Flails | 1 |  1.0
Polearms       | 1 |  1.0
Staves         | 1 |  1.0
Slings         | 1 |  1.0
Bows           | 1 |  1.0
Crossbows      | 1 |  1.0
Throwing       | 1 |  1.0
Armour         | 1 |  1.0
Shields        | 1 |  1.0
Unarmed Combat | 1 |  1.0
Spellcasting   | 1 |  1.0
Evocations     | 1 |  1.0
Fighting       | |  6.5
Short Blades   | |  4.6
Dodging        | |  4.6
Conjurations   | |  0.7
Hexes          | |  0.7
Summonings     | |  0.7
Necromancy     | |  0.7
Translocations | |  0.7
Transmutations | |  0.7
Fire Magic     | |  0.7
Ice Magic      | |  0.7
Air Magic      | |  0.7
Earth Magic    | |  0.7
Poison Magic   | |  0.7

Action                   |  1- 3 |  4- 6 || total
-------------------------+-------+-------++-------
Melee: Short sword       |    48 |    14 ||    62
       Bite              |     2 |     3 ||     5
  Use: Scroll            |     1 |       ||     1
 Stab: Sleeping          |     2 |     1 ||     3
Armor: Leather armour    |     7 |     2 ||     9
Dodge: Dodged            |    44 |     8 ||    52

Table legend: (Time is in decaauts)
 A = Elapsed time spent in this place.
 B = Non-inter-level travel time spent in this place.
 C = Inter-level travel time spent in this place.
 D = Time resting spent in this place.
 E = Time spent auto-exploring this place.
 F = Levels seen in this place.
 G = Mean time per level.
                   A        B        C        D        E       F      G
               +--------+--------+--------+--------+--------+-----+--------+
         Total |    333 |    333 |      0 |      0 |    143 |   3 |  111.0 |
       Dungeon |    324 |    324 |      0 |      0 |    143 |   2 |  162.0 |
         Sewer |      9 |      9 |      0 |      0 |      0 |   1 |    9.0 |
               +--------+--------+--------+--------+--------+-----+--------+

Top non-repeatable levels by time:
     D:5: 217 daAuts
     D:4: 107 daAuts
   Sewer: 9 daAuts
